[Event "*** Titled Tuesday Blitz"]
[Site "Chess.com"]
[Date "2021.03.30"]
[Round "10"]
[White "ErikBlomqvist"]
[Black "jaskol95"]
[Result "1-0"]
[WhiteElo "2585"]
[BlackElo "2413"]
[TimeControl "180+1"]
[EndTime "11:58:38 PDT"]
[Termination "ErikBlomqvist won by checkmate"]

1. e4 e6 2. d4 d5 3. e5 c5 4. c3 Nc6 5. Nf3 Bd7 6. Bd3 cxd4 7.
O-O Qb6 8. Nbd2 Nge7 9. Nb3 dxc3 10. bxc3 Ng6 11. Re1 Qc7 12. Qe2 Be7 13. Nbd4 a6 14. h4 Nxh4 15. Nxh4 Bxh4 16. Qg4 Be7 17. Qxg7 O-O-O 18. Bf4 Rdg8 19. Qh6 Kb8 20. Rab1 Nxd4 21.
cxd4 Ka7 22. Bd2 Bc6 23. Rec1 Rg4 24. g3 Rhg8 25. Qh5 Rxg3+ 26. fxg3 Rxg3+ 27. Kf2 Rxd3 28. Rc2 Qd8 29. Rg1 Bh4+ 30. Ke2 Bb5 31. Kd1 Rxd4 32.
Kc1 Rc4 33. Be3+ d4 34. Qxh4 dxe3 35. Rxc4 Qd2+ 36. Kb1 Qd3+ 37. Rc2 e2 38. Rc1 Bc6 39. Qf2+ Kb8 40. Qxe2 Qd4 41. Rb2 Bd5 42. Ka1 Qf4 43. Qc2 Qg4 44. Qc7+ Ka7 45. Qc5+ Kb8 46. Qc2 Qf4 47.
Rcb1 b5 48. Qc5 Bc4 49. a4 Kb7 50. axb5 axb5 51. Rxb5+ Bxb5 52. Rxb5+ Ka6 53. Qc6+ Ka7 54. Rb7+ Ka8 55. Qc8# 1-0

[Event "*** Titled Tuesday Blitz"]
[Site "Chess.com"]
[Date "2021.03.30"]
[Round "10"]
[White "gxbg2000"]
[Black "RamyresCoelho"]
[Result "1/2-1/2"]
[WhiteElo "1936"]
[BlackElo "2150"]
[TimeControl "180+1"]
[EndTime "11:58:38 PDT"]
[Termination "Game drawn by repetition"]

1. e4 c5 2. f4 d6 3. Nf3 Nc6 4. c3 Bg4 5. d3 Bxf3 6. Qxf3 e6 7. Be2 Nf6 8. O-O Be7 9. h3 h5 10. Be3 Qc7 11. Qf2 O-O-O 12. a4 Nd7 13. Nd2 f5 14. b4 b6 15. a5 b5 16. bxc5 dxc5 17.
Nb3 fxe4 18. Nxc5 Nxc5 19. Bxc5 exd3 20. Bf3 Ne5 21. Bxe7 Nxf3+ 22. Qxf3 Qxe7 23. Qa8+ Kd7 24. Qxa7+ Ke8 25. Qe3 d2 26. Rfd1 Kf7 27. Rxd2 Rxd2 28.
Qxd2 Rd8 29. Qe2 Qc5+ 30. Kh2 Qxc3 31. Qxh5+ Kg8 32. Ra2 b4 33. Qe5 Qxe5 34. fxe5 b3 35. Rb2 Rd5 36. Rxb3 Rxa5 37. Re3 Kh7 38. g4 Kg6 39.
Kg3 Rd5 40. Kf4 Rd4+ 41. Re4 Rd3 42. Re3 Rd1 43. h4 Rf1+ 44. Kg3 Kh6 45. h5 Rg1+ 46. Kf4 Rf1+ 47. Kg3 Rg1+ 48. Kf4 g5+ 49. Kf3 Ra1 50.
Rb3 Ra5 51. Ke4 Ra4+ 52. Kf3 Ra5 53. Ke4 Ra4+ 54. Kf3 Rf4+ 55. Kg3 Re4 56. Rb5 Re3+ 57. Kg2 Re4 58. Kf3 Rf4+ 59. Kg3 Kg7 60. Ra5 Kh6 61.
Rb5 Kh7 62. Rb7+ Kg8 63. Rb5 Re4 64. Kf3 Rf4+ 65. Kg3 Re4 66. Kf3 Rf4+ 67. Kg3 1/2-1/2

[Event "*** Titled Tuesday Blitz"]
[Site "Chess.com"]
[Date "2021.03.30"]
[Round "10"]
[White "anasta10"]
[Black "Bathory44"]
[Result "1-0"]
[WhiteElo "2523"]
[BlackElo "2648"]
[TimeControl "180+1"]
[EndTime "11:58:39 PDT"]
[Termination "anasta10 won on time"]

1. d4 d5 2. c4 e6 3. Nc3 c6 4. e3 Bd6 5. Nf3 f5 6. b3 Nf6 7. a4 Qe7 8. Bd3 O-O 9. O-O Ne4 10.
Nb1 a5 11. Ba3 Bb4 12. Ne5 Nd7 13. Nxd7 Bxd7 14. f3 Nf6 15. Bxb4 axb4 16. Nd2 e5 17. Re1 e4 18. Bf1 Be8 19. cxd5 cxd5 20. Qc2 Bh5 21. Qc5 Qxc5 22. dxc5 Rfc8 23. Rac1 Nd7 24. g4 fxg4 25. fxe4 Bf7 26. Bg2 Rxc5 27. exd5 Rc3 28. Rxc3 bxc3 29. Nc4 Nc5 30. Rc1 Rd8 31. Rxc3 Bxd5 32. Bxd5+ Rxd5 33. Nb6 Rd1+ 34. Kg2 Rd2+ 35. Kg1 Ne4 36. Rc4 Nf2 37.
a5 Nh3+ 38. Kf1 Rf2+ 39. Ke1 Rxh2 40. Rxg4 Rb2 41. Rb4 h5 42. Nc4 Rb1+ 43. Kd2 Ng5 44. Ne5 Ra1 45. Rxb7 Rxa5 46. Rb8+ Kh7 47. Nc4 Rd5+ 48.
Ke2 h4 49. Kf2 Rf5+ 50. Kg1 1-0

[Event "*** Titled Tuesday Blitz"]
[Site "Chess.com"]
[Date "2021.03.30"]
[Round "10"]
[White "Terao90"]
[Black "GregShahade"]
[Result "0-1"]
[WhiteElo "2554"]
[BlackElo "2708"]
[TimeControl "180+1"]
[EndTime "11:58:41 PDT"]
[Termination "GregShahade won on time"]

1. Nf3 Nf6 2. b3 g6 3. Bb2 Bg7 4. g3 b5 5. Bg2 Bb7 6. O-O O-O 7.
d4 d6 8. Nbd2 c5 9. c4 bxc4 10.
Nxc4 Nbd7 11. Rc1 Rc8 12. e3 Qc7 13. Qe2 Ba6 14. e4 Nb6 15. dxc5 Qxc5 16. Nfd2 Nxc4 17. Nxc4 Nd7 18. Bxg7 Kxg7 19. Qb2+ Kg8 20. Bh3 Qb5 21. Rfd1 Rc5 22. Ne3 Nf6 23. Bf1 Qb7 24. Rxc5 dxc5 25. Bxa6 Qxa6 26. e5 Ne4 27. Nd5 Qe6 28. Qe2 Ng5 29.
f4 Nh3+ 30. Kg2 g5 31. f5 Qh6 32. Nxe7+ Kh8 33. f6 g4 34. Nf5 Qg5 35. Nd6 h5 36. Rf1 h4 37. Rf5 Qg6 38. gxh4 Qxf5 39. Nxf5 Nf4+ 40.
Kf2 Nxe2 41. Kxe2 Re8 42. Ne7 a5 43. Ke3 a4 44. Kf4 axb3 45. axb3 Rb8 46. Kxg4 Rxb3 47. Kf5 c4 48. e6 fxe6+ 49. Kxe6 Re3+ 50. Kf5 Rf3+ 51. Ke5 c3 52. Nf5 c2 53. f7 Rxf5+ 54. Kxf5 Kg7 55. Kg5 Kxf7 0-1

[Event "*** Titled Tuesday Blitz"]
[Site "Chess.com"]
[Date "2021.03.30"]
[Round "10"]
[White "andriipalchuk"]
[Black "GMHess"]
[Result "1-0"]
[WhiteElo "2633"]
[BlackElo "2748"]
[TimeControl "180+1"]
[EndTime "11:58:42 PDT"]
[Termination "andriipalchuk won on time"]

1. d4 g6 2. c4 Bg7 3. Nf3 c5 4. d5 f5 5. g3 d6 6. Bg2 Nf6 7.
O-O O-O 8. Qc2 b5 9. cxb5 a6 10.
bxa6 Nxa6 11. Nc3 Nb4 12. Qd1 Qb6 13. Be3 Bd7 14. a3 Na6 15. Qc2 Rfb8 16. Rab1 Ng4 17. Bd2 Qb3 18. Qc1 Nc7 19. Bg5 Bxc3 20. Qxc3 Qxc3 21.
bxc3 Kf7 22. h3 Nf6 23. Nd2 Nb5 24. c4 Nc3 25. Rbe1 Rxa3 26. Nb1 Rab3 27. Nxc3 Rxc3 28.
Rc1 Rcb3 29. h4 Rb2 30. Bf3 Ne4 31. Be3 Nd2 32. Rfd1 Nxf3+ 33. exf3 Ba4 34. Re1 Bc2 35. Bg5 R8b7 36. Re3 Bb3 37. Rce1 Bxc4 38. Rxe7+ Rxe7 39. Rxe7+ Kf8 40. Rxh7 Bxd5 41. Kg2 Rb3 42. Bh6+ Kg8 43. Rg7+ Kh8 44. Kh2 Bxf3 45. Re7 Rb1 46. g4 f4 47. Bxf4 d5 48. Be5+ Kg8 49. Kg3 Be4 50. Kf4 Rb3 51. Kg5 Rf3 52. Kh6 Rxf2 53. Bd6 c4 54. Rg7+ Kh8 55. Be5 1-0

[Event "*** Titled Tuesday Blitz"]
[Site "Chess.com"]
[Date "2021.03.30"]
[Round "10"]
[White "gaby_przz"]
[Black "kidagent"]
[Result "0-1"]
[WhiteElo "2448"]
[BlackElo "2337"]
[TimeControl "180+1"]
[EndTime "11:58:42 PDT"]
[Termination "kidagent won on time"]

1. e4 c5 2. Nf3 d6 3. d4 cxd4 4.
Nxd4 Nf6 5. Nc3 a6 6. h3 e5 7. Nde2 b5 8. a3 Bb7 9. Bg5 Nbd7 10. Qd3 Be7 11. O-O-O Nc5 12. Qe3 Nfxe4 13. Bxe7 Qxe7 14. Nxe4 Nxe4 15. f4 O-O 16. fxe5 dxe5 17. h4 Rad8 18.
Re1 Rd7 19. h5 Rfd8 20. Ng3 Nxg3 21. Qxg3 f6 22. Bd3 Qc5 23. Kb1 h6 24. Qg6 Kf8 25. Qh7 Qd5 26. Rhf1 Qg8 27. Qg6 Qf7 28. Rxe5 Qxg6 29.
hxg6 Bxg2 30. Rf2 Bd5 31. Kc1 Re7 32. Ref5 Be4 33. Bxe4 Rxe4 34. b3 Rg4 35. Rc5 Rxg6 36. Rc6 Ra8 37. Rc7 Kg8 38. c4 bxc4 39. bxc4 Rg5 40. c5 Rb8 41. Rc2 h5 42. c6 h4 43.
Rd7 Rc8 44. c7 Kh7 45. Rd8 Rg1+ 46. Kb2 Rxc7 47. Rxc7 h3 48. Rc2 g5 49. Rd6 Kg6 50.
Rd3 g4 51. Kc3 g3 52. Re2 h2 53. Rxg3+ Rxg3+ 0-1

[Event "*** Titled Tuesday Blitz"]
[Site "Chess.com"]
[Date "2021.03.30"]
[Round "10"]
[White "c_r_e_e_p_e_r"]
[Black "Lyschko"]
[Result "1-0"]
[WhiteElo "2370"]
[BlackElo "2247"]
[TimeControl "180+1"]
[EndTime "11:58:42 PDT"]
[Termination "c_r_e_e_p_e_r won on time"]

1. d4 d6 2. e4 Nf6 3. Nc3 e5 4. Nf3 Nbd7 5. Bc4 Be7 6. h3 c6 7. a4 O-O 8. Ba2 b6 9. O-O a6 10. Be3 Qc7 11. Qb1 Bb7 12. dxe5 dxe5 13. b4 b5 14. Qb3 h6 15. Nh4 Nb6 16. Nf5 Nc4 17. Nxe7+ Qxe7 18. Bc5 Nd6 19. Rad1 Rad8 20. Rd3 Nfe8 21. Rfd1 Qf6 22. Rf3 Qg6 23. Rg3 Qf6 24. Rdd3 Bc8 25. Rdf3 Qe6 26. Qb1 Qe7 27. Qc1 Kh7 28.
axb5 axb5 29. Bb6 Rd7 30. Qe3 Rb7 31. Bc5 Be6 32. Nd5 cxd5 33. exd5 Bc8 34. c3 Nf6 35. Bb1+ e4 36. Rf4 Qe5 37. Bd4 Qh5 38. Rxg7+ Kxg7 39. Bxf6+ Kh7 40. Bxe4+ Nxe4 41. Qxe4+ Qg6 42. Qf3 Re8 43. Kh2 Ra7 44. d6 Ra2 45. Be7 Be6 46. Rf6 Qg5 47. Rxe6 fxe6 48. Bxg5 hxg5 49. Qf7+ Kh6 50. Qxe8 Rxf2 51.
d7 g4 52. d8=Q g3+ 53. Kxg3 Rf5 54. Qh4+ 1-0

[Event "*** Titled Tuesday Blitz"]
[Site "Chess.com"]
[Date "2021.03.30"]
[Round "10"]
[White "kikydu96"]
[Black "BJthechessgod"]
[Result "1-0"]
[WhiteElo "2478"]
[BlackElo "2322"]
[TimeControl "180+1"]
[EndTime "11:58:43 PDT"]
[Termination "kikydu96 won by checkmate"]

1. e4 c5 2. Nf3 Nc6 3. Bb5 g6 4.
Bxc6 dxc6 5. d3 Bg7 6. h3 e5 7.
Nbd2 Ne7 8. a3 O-O 9. O-O Qc7 10. Rb1 Be6 11. b4 cxb4 12. axb4 h6 13. Nb3 b6 14. Be3 Rfd8 15. Qd2 Kh7 16. Rfd1 Nc8 17. c3 Nd6 18. Qc2 f5 19. exf5 Nxf5 20. Qe2 Rd7 21. Nbd2 Rad8 22. Ne4 Bd5 23. Nfd2 Be6 24. Nf1 Ne7 25. Nfg3 Nd5 26.
Bd2 Nf4 27. Bxf4 exf4 28. Nf1 Bf5 29. Nh2 Bxe4 30. Qxe4 Bxc3 31. Ng4 Bg7 32. Rbc1 Rd4 33. Rxc6 Rxe4 34. Rxc7 Rxb4 35. Re1 h5 36. Ree7 hxg4 37.
Rxg7+ Kh6 38. h4 Rh8 39. Rxa7 g3 40. fxg3 fxg3 41. Kf1 Rxh4 42. Ke2 Rf4 43. Ke3 Rf2 44. Rgd7 Rxg2 45. Ra4 Rf2 46. Rh4+ Kg5 47. Rxh8 Rf1 48. Rd5+ Kg4 49. Rd4+ Kg5 50. Rhh4 Rg1 51. Kf3 Kf5 52. Rhg4 Rf1+ 53. Kxg3 Rg1+ 54. Kf3 Rf1+ 55. Ke2 Rh1 56. Rdf4+ Ke5 57. Re4+ Kf5 58. Rgf4+ Kg5 59. Rf8 Rh2+ 60. Rf2 Rh3 61. Rg2+ Kf5 62. Rb4 g5 63. Rb5+ Kf4 64. Rbxg5 Re3+ 65. Kd2 Rf3 66. R2g4# 1-0

[Event "*** Titled Tuesday Blitz"]
[Site "Chess.com"]
[Date "2021.03.30"]
[Round "10"]
[White "GMJustin"]
[Black "Zq1"]
[Result "1/2-1/2"]
[WhiteElo "2299"]
[BlackElo "2507"]
[TimeControl "180+1"]
[EndTime "11:58:45 PDT"]
[Termination "Game drawn by agreement"]

1. d4 d5 2. c4 e6 3. Nc3 Be7 4.
cxd5 exd5 5. Bf4 Nf6 6. e3 O-O 7. Bd3 c5 8. Nge2 Nc6 9. dxc5 Bxc5 10. O-O d4 11. exd4 Nxd4 12. Na4 Nxe2+ 13. Bxe2 Bd4 14.
Bf3 Re8 15. Qc2 Be5 16. Bxe5 Rxe5 17. Rfd1 Qe7 18. Rac1 Bf5 19. Qc7 Qxc7 20. Rxc7 Rae8 21. h3 b5 22. Nc3 a6 23. Nd5 Ne4 24. Ra7 h6 25. Ne3 Be6 26. Rxa6 Nc5 27. Ra5 b4 28. Nd5 Nd7 29. Ra7 Kh7 30. Nf4 Nc5 31. Nxe6 Nxe6 32.
a3 Ng5 33. axb4 Nxf3+ 34. gxf3 Kg6 35. Kg2 Rf5 36. Kf1 Rb8 37. Ra3 Rxb4 38. Rd2 Rh4 39. Rad3 Rxh3 40. Kg2 Rh4 41. b3 Rg5+ 42. Kf1 Rh1+ 43.
Ke2 h5 44. f4 Rgg1 45. Rg3+ Rxg3 46. fxg3 Kf5 47. Rd5+ Ke4 48. Rg5 g6 49. Re5+ Kd4 50. Re7 f6 51. Re6 Rh2+ 52. Kf3 g5 53. fxg5 fxg5 54.
Rg6 g4+ 55. Kf4 Rh3 56. Kg5 Rxg3 57. Kxh5 Rxb3 58. Rxg4+ 1/2-1/2

[Event "*** Titled Tuesday Blitz"]
[Site "Chess.com"]
[Date "2021.03.30"]
[Round "10"]
[White "Shield12"]
[Black "Fandorine"]
[Result "1/2-1/2"]
[WhiteElo "2827"]
[BlackElo "2880"]
[TimeControl "180+1"]
[EndTime "11:58:47 PDT"]
[Termination "Game drawn - insufficient material"]

1. e4 c5 2. Nf3 e6 3. c3 Nf6 4. e5 Nd5 5. Bc4 Nb6 6. Bb3 Nc6 7.
O-O d6 8. exd6 Bxd6 9. d4 cxd4 10. Nxd4 O-O 11. Be3 Qc7 12. h3 Bf4 13. Nb5 Qe5 14.
Bxf4 Qxf4 15. Qd6 Qxd6 16. Nxd6 Rd8 17. Rd1 Kf8 18. Na3 Ke7 19. Ne4 Bd7 20. Nc5 Rab8 21. Nc4 Nxc4 22. Bxc4 Be8 23. Be2 b6 24. Ne4 f5 25. Nd2 e5 26. f3 Bf7 27. Bb5 Rbc8 28. Kf2 Rd5 29. Bxc6 Rxc6 30. Nf1 f4 31. Rxd5 Bxd5 32. Nd2 Ke6 33. Rc1 b5 34. a3 a5 35.
Re1 Kf5 36. Ne4 h6 37. g4+ Ke6 38. h4 b4 39. axb4 axb4 40. cxb4 Rc2+ 41. Re2 Bxe4 42.
fxe4 Rc4 43. b5 Rb4 44. Rc2 Rxb5 45. Rc6+ Kf7 46. Rc7+ Kg8 47. Rc8+ Kh7 48. Re8 Rxb2+ 49. Kf3 Rb3+ 50. Kf2 Rh3 51. h5 Rg3 52. Rxe5 Rxg4 53. Kf3 Rh4 54. Rf5 g5 55. hxg6+ Kxg6 56. Rxf4 Rxf4+ 57. Kxf4 Kf6 58. Kg4 Ke6 59. Kh5 Ke5 60. Kxh6 Kxe4 1/2-1/2

[Event "*** Titled Tuesday Blitz"]
[Site "Chess.com"]
[Date "2021.03.30"]
[Round "10"]
[White "tptagain"]
[Black "swisspower96"]
[Result "1-0"]
[WhiteElo "2827"]
[BlackElo "2610"]
[TimeControl "180+1"]
[EndTime "11:58:47 PDT"]
[Termination "tptagain won by resignation"]

1. Nf3 d5 2. b3 Bf5 3. Bb2 e6 4.
e3 Nf6 5. h3 h6 6. Bd3 Be4 7. O-O Nbd7 8. Nc3 Bd6 9. Bxe4 dxe4 10.
Nd4 a6 11. d3 exd3 12. cxd3 O-O 13. Qe2 Re8 14. Rfd1 e5 15. Nf5 Bf8 16. Rac1 c5 17.
Ne4 Re6 18. Qf3 g6 19. Nfg3 Nxe4 20. Nxe4 Qb6 21. d4 cxd4 22. exd4 f5 23. Nc5 Nxc5 24.
dxc5 Bxc5 25. Rd7 Bf8 26. Rxb7 Qd8 27. Rcc7 Rc8 28. Rd7 Qe8 29. Qd5 Rc5 30. Qd2 Rcc6 31. Bc3 Red6 32. Rxd6 Rxd6 33. Qe2 Rd7 34. Rxd7 Qxd7 35.
Qxe5 Qd1+ 36. Qe1 Qc2 37. Qd2 Qxd2 38. Bxd2 Kf7 39. Kf1 h5 40. Ke2 Ke6 41. Kd3 Kd5 42.
f3 Bd6 43. b4 Be7 44. a4 Bd6 45. Be1 Be7 46. Kc3 Bf6+ 47. Kb3 Be7 48. Bf2 Kc6 49. Kc4 Kd7 50. b5 axb5+ 51. axb5 Ke6 52. b6 Bd6 53. b7 Bb8 54. Kc5 Kd7 55. Kd5 g5 56. Bb6 h4 57.
Bd4 Ke7 58. Be5 1-0

[Event "*** Titled Tuesday Blitz"]
[Site "Chess.com"]
[Date "2021.03.30"]
[Round "10"]
[White "FGHSMN"]
[Black "Aslanov_Umid"]
[Result "1-0"]
[WhiteElo "2644"]
[BlackElo "2425"]
[TimeControl "180+1"]
[EndTime "11:58:47 PDT"]
[Termination "FGHSMN won by checkmate"]

1. e4 c5 2. Nf3 d6 3. d4 cxd4 4. Nxd4 Nf6 5. Nc3 a6 6. h3 e6 7. g4 b5 8. Bg2 Bb7 9. O-O Nc6 10.
Be3 Qc7 11. g5 Nd7 12. Qe2 Be7 13. Rae1 O-O 14. f4 Nxd4 15. Bxd4 e5 16. Be3 exf4 17. Bxf4 Ne5 18. Kh1 b4 19. Nd5 Bxd5 20. exd5 Ng6 21. Be3 Rac8 22. Qxa6 Ne5 23. Bf4 Ng6 24. Be3 Ne5 25.
Bf4 Ng6 26. Bd2 Qxc2 27. Rc1 Qxd2 28. Rxc8 Nh4 29. Rxf8+ Bxf8 30. Be4 Qxg5 31. Qe2 Ng6 32. Bxg6 hxg6 33. Qf3 f6 34. a4 bxa3 35. bxa3 Qh4 36. Kg2 Qa4 37. Re1 Qc2+ 38. Re2 Qc1 39. a4 Qg5+ 40. Kh2 f5 41. a5 Be7 42. a6 Bf6 43.
a7 Be5+ 44. Rxe5 dxe5 45. a8=Q+ Kh7 46. Qa2 e4 47. Qg3 Qe7 48. Qaf2 g5 49. Qxf5+ g6 50. Qfxg5 Qxg5 51. Qxg5 e3 52. Qxe3 g5 53. d6 Kh8 54.
d7 Kh7 55. d8=Q g4 56. Qde7+ Kg6 57. Q3g5# 1-0

[Event "*** Titled Tuesday Blitz"]
[Site "Chess.com"]
[Date "2021.03.30"]
[Round "10"]
[White "Murad_Ibrahimli"]
[Black "Sam_ChessMood"]
[Result "0-1"]
[WhiteElo "2809"]
[BlackElo "2880"]
[TimeControl "180+1"]
[EndTime "11:58:48 PDT"]
[Termination "Sam_ChessMood won by resignation"]

1. Nf3 d5 2. g3 Nf6 3. Bg2 g6 4. O-O Bg7 5. c4 c6 6. cxd5 cxd5 7. d4 O-O 8. Ne5 b6 9. Nc3 Bb7 10. Qb3 e6 11. Bg5 Nc6 12. Nxc6 Bxc6 13. Rac1 Qd7 14. Rfd1 Rfc8 15. a4 h6 16. Bxf6 Bxf6 17. e3 Bg7 18. Bf1 a6 19. Bd3 Rcb8 20. Ra1 Bf8 21. h4 Qd6 22. h5 g5 23. e4 Bg7 24. exd5 exd5 25. Bb1 Re8 26. Qc2 Kf8 27. Qf5 Qe6 28. Qf3 Qf6 29.
Bf5 Rad8 30. Kg2 Rd6 31. b4 Qd8 32. b5 Bb7 33. bxa6 Bxa6 34. Bd3 Bc8 35. Bb5 Rf6 36. Qd3 Re7 37. Re1 Rfe6 38. Rxe6 Rxe6 39. Rc1 Rd6 40. Ba6 Bxa6 41. Qxa6 Rc6 42. Qb5 Rc4 43. Qb3 Bxd4 44. Qa3+ Kg8 45. Nb5 Qf6 46. Rd1 Qxf2+ 47. Kh3 Qf5+ 48. g4 Qe4 49. Qd3 Qxd3+ 50. Rxd3 Be5 51. Rxd5 Bf4 52. Nd4 Rxa4 53. Nf5 Ra2 54. Rd8+ Kh7 0-1

[Event "*** Titled Tuesday Blitz"]
[Site "Chess.com"]
[Date "2021.03.30"]
[Round "10"]
[White "Eloist"]
[Black "MartinHollan"]
[Result "0-1"]
[WhiteElo "2351"]
[BlackElo "2475"]
[TimeControl "180+1"]
[EndTime "11:58:52 PDT"]
[Termination "MartinHollan won by resignation"]

1. e4 c5 2. Nf3 Nc6 3. Bb5 e6 4. Bxc6 bxc6 5. d3 f6 6. Qe2 d6 7.
Nh4 Ne7 8. f4 g6 9. c4 d5 10.
Nc3 Bg7 11. b3 O-O 12. O-O g5 13. Nf3 gxf4 14. Bxf4 e5 15. Bg3 Ng6 16. cxd5 Ba6 17. Nd2 cxd5 18. Nxd5 Bb7 19. Ne3 Nf4 20. Bxf4 exf4 21. Nf5 Bc8 22. Nxg7 Kxg7 23. Rac1 Qd4+ 24. Kh1 Ba6 25. Nc4 Rad8 26. Qg4+ Kh8 27. Rf3 Bxc4 28. bxc4 Qb2 29. Rcf1 Rg8 30. Qh3 Qxa2 31. R3f2 Qa6 32.
Rxf4 Qd6 33. Rxf6 Qxd3 34. e5 Qxh3 35. gxh3 Rde8 36. e6 Rg6 37. Rxg6 hxg6 38. Rf7 Rxe6 39. Rxa7 Re4 40. Kg2 Rxc4 41. Kf3 Rc2 42. Rc7 c4 43. Kg3 c3 44. h4 Rc1 45. Kg4 c2 46. Kh3 Kg8 47. h5 gxh5 48. Kh4 Kf8 49. Kxh5 Ke8 50. h4 Kd8 51. Rc3 Kd7 52. Kh6 Kd6 53. h5 Kd5 54. Kh7 Kd4 55. Rc8 Kd3 56. h6 Rh1 57. Kh8 Rxh6+ 58. Kg7 Rh4 59. Kg6 Rc4 0-1

[Event "*** Titled Tuesday Blitz"]
[Site "Chess.com"]
[Date "2021.03.30"]
[Round "10"]
[White "Srinavasan"]
[Black "GigaQuparadze"]
[Result "1-0"]
[WhiteElo "2994"]
[BlackElo "2895"]
[TimeControl "180+1"]
[EndTime "11:58:53 PDT"]
[Termination "Srinavasan won by resignation"]

1. c4 Nf6 2. g3 e6 3. Bg2 d5 4. Nf3 dxc4 5. O-O Be7 6. Na3 O-O 7. Nxc4 c5 8. b3 Nc6 9. Bb2 Nd5 10. d4 cxd4 11. Nxd4 Nxd4 12. Qxd4 Bf6 13. Qd2 b5 14. Bxf6 Qxf6 15. Nd6 Rd8 16. Ne4 Qe7 17. Qa5 a6 18.
Rac1 Bd7 19. Nc5 Be8 20. Rfd1 Rac8 21. b4 Rd6 22. e4 Nf6 23. e5 Rxd1+ 24. Rxd1 Nd5 25.
Qxa6 Rd8 26. Qb7 Qxb7 27. Nxb7 Rb8 28. Bxd5 exd5 29. Na5 Rd8 30. f4 h5 31. Kf2 d4 32. Nb3 d3 33. Ke3 Ra8 34. Rd2 Bd7 35. Kxd3 Be6 36. Kc3 Ra3 37. Kb2 Ra4 38. a3 Ra8 39.
Nc5 Bf5 40. Nb7 Be6 41. Nd6 Rb8 42. Rc2 f6 43. Rc5 fxe5 44. Rxb5 Rd8 45. fxe5 Rf8 46. a4 Rf2+ 47. Kc3 Rf3+ 48. Kd4 Rf2 49. a5 Ra2 50. Ne4 Bf5 51. e6 Bxe6 52. Rb8+ Kf7 53. Ng5+ Kf6 54.
Nxe6 Kxe6 55. Rb6+ Kf5 56. a6 Rxh2 57. a7 Ra2 58.
Rb5+ 1-0

[Event "*** Titled Tuesday Blitz"]
[Site "Chess.com"]
[Date "2021.03.30"]
[Round "10"]
[White "BilodeauA"]
[Black "Smirnov_Pavel"]
[Result "1-0"]
[WhiteElo "2931"]
[BlackElo "2893"]
[TimeControl "180+1"]
[EndTime "11:58:53 PDT"]
[Termination "BilodeauA won on time"]

1. e4 e5 2. Nf3 Nc6 3. Bc4 Nf6 4. d3 Bc5 5. c3 d6 6. O-O h6 7. Nbd2 O-O 8. h3 a5 9. Re1 Be6 10. Bb5 Qb8 11. Nf1 Qa7 12. Bxc6 Bxf2+ 13. Kh2 bxc6 14.
Be3 Bxe3 15. Nxe3 Rab8 16. Qd2 a4 17. Rf1 Qb6 18. Rf2 Nd7 19. Nh4 f6 20. Raf1 Kh7 21.
Qe2 Rf7 22. Nd1 Nf8 23. a3 d5 24. Ne3 Rd8 25. Rf3 Rfd7 26. exd5 cxd5 27. Nef5 Bxf5 28. Nxf5 Qe6 29. Rg3 g6 30. Ne3 f5 31. Nc2 f4 32.
Rgf3 g5 33. R3f2 Ng6 34. Re1 Re8 35. Qh5 Qf7 36. Rfe2 c5 37. Rf1 Rde7 38. Ne1 e4 39. dxe4 dxe4 40. Nc2 Nh4 41. Qg4 Qg6 42. Ree1 h5 43.
Qd1 f3 44. Ne3 fxg2 45. Nxg2 Nf3+ 46. Kh1 Nxe1 47. Rxe1 e3 48. Qxa4 e2 49. Qc4 Qe4 50. Qxc5 Re5 51. Qa7+ R8e7 52. Qa6 Rf5 53. Kg1 Rf3 54.
Qb5 Rg3 55. Rxe2 Qxe2 56. Qf5+ Kg7 57. Qe5+ 1-0

[Event "*** Titled Tuesday Blitz"]
[Site "Chess.com"]
[Date "2021.03.30"]
[Round "10"]
[White "reniite"]
[Black "AEMEffi"]
[Result "0-1"]
[WhiteElo "2002"]
[BlackElo "2263"]
[TimeControl "180+1"]
[EndTime "11:58:53 PDT"]
[Termination "AEMEffi won on time"]

1. e4 d5 2. exd5 Qxd5 3. Nc3 Qd6 4. Nf3 Nf6 5. d4 Bg4 6. h3 Bxf3 7. Qxf3 c6 8. Bf4 Qe6+ 9. Be2 Nd5 10. Nxd5 Qxd5 11. Qxd5 cxd5 12. Bf3 e6 13. O-O Nc6 14. c3 O-O-O 15.
Rfe1 Bd6 16. Bxd6 Rxd6 17. b4 h5 18. b5 Ne7 19. a4 Rd7 20. a5 Kb8 21. Rec1 g6 22.
c4 Nf5 23. cxd5 exd5 24. Rd1 Rc8 25. g4 Nh4 26. Be2 hxg4 27. hxg4 Rc2 28. Kf1 Rd8 29.
Bd3 Rb2 30. Rab1 Ra2 31. a6 b6 32. Ra1 Rxa1 33. Rxa1 Nf3 34. Rd1 Nh2+ 35. Kg2 Nxg4 36. Kg3 Nf6 37. f4 Nh5+ 38. Kg4 Re8 39. Kg5 Ng3 40.
Kf6 Rd8 41. Kxf7 Nh5 42. Kxg6 Nxf4+ 43. Kf5 Nh5 44. Ke6 Nf4+ 45. Ke7 Rc8 46. Bf5 Rh8 47. Rg1 Ne2 48. Rg5 Nxd4 49. Be6 Nxb5 50. Bxd5 Nc7 51. Bb3 Rh7+ 52. Kd6 Rh8 53. Rg6 Nxa6 54.
Kc6 Nc7 55. Rg7 Rc8 56. Kd7 Na6 57. Rg1 Nc5+ 58. Ke7 Nxb3 0-1

[Event "*** Titled Tuesday Blitz"]
[Site "Chess.com"]
[Date "2021.03.30"]
[Round "10"]
[White "vugarrasulov"]
[Black "SaraciNderim"]
[Result "0-1"]
[WhiteElo "2866"]
[BlackElo "2830"]
[TimeControl "180+1"]
[EndTime "11:58:57 PDT"]
[Termination "SaraciNderim won by checkmate"]

1. e4 c5 2. Nf3 Nc6 3. c3 Nf6 4.
e5 Nd5 5. Bc4 Nb6 6. Bb3 c4 7.
Bc2 d5 8. exd6 e6 9. d3 cxd3 10. Bxd3 Bxd6 11. O-O Qc7 12. Qe2 Bf4 13. Nbd2 Ne5 14.
Bb5+ Bd7 15. a4 O-O 16. a5 Bxb5 17. Qxb5 Nxf3+ 18. Nxf3 Nd5 19. c4 Nf6 20. Bxf4 Qxf4 21. b3 Rab8 22. Rfd1 Rfc8 23. Rd4 Qc7 24. Rad1 h6 25.
h3 Re8 26. Qe5 Qxe5 27. Nxe5 a6 28. b4 b6 29. b5 bxa5 30. bxa6 Ra8 31. Rd6 Rec8 32.
Nc6 Kh7 33. Nxa5 Ne4 34. Rb6 Nc5 35. Rdd6 Ra7 36. f3 Rca8 37. Nc6 Rxa6 38. Ne5 R6a7 39. Rbc6 Na6 40. c5 Nb4 41. Rb6 Nd5 42. Rb1 Rc8 43. c6 Rac7 44. Rd7 f6 45. Ng4 Rxc6 46. Rbb7 Rg8 47. Kh2 h5 48. Nf2 Rc2 49. Ne4 Kg6 50. Rd6 Nf4 51. Kg3 e5 52. Nf2 h4+ 53. Kxh4 Rxf2 54.
g3 Rh8+ 55. Kg4 Nxh3 56. Rdd7 f5# 0-1

[Event "*** Titled Tuesday Blitz"]
[Site "Chess.com"]
[Date "2021.03.30"]
[Round "10"]
[White "Oligan22"]
[Black "NikolaN98"]
[Result "0-1"]
[WhiteElo "2511"]
[BlackElo "2666"]
[TimeControl "180+1"]
[EndTime "11:58:57 PDT"]
[Termination "NikolaN98 won by resignation"]

1. e4 e6 2. d4 d5 3. Nc3 Bb4 4. Ne2 Nf6 5. e5 Nfd7 6. a3 Bf8 7. Be3 b6 8. g3 Ba6 9. Bg2 c5 10. f4 Nc6 11. Qd2 g6 12. a4 h5 13. Nb5 cxd4 14.
Nexd4 Nxd4 15. Bxd4 Nc5 16. Nd6+ Bxd6 17. exd6 f6 18.
b4 Nd7 19. Qe3 Kf7 20. b5 Bb7 21. c4 Re8 22. O-O Rc8 23. Rac1 Nc5 24. Bxc5 bxc5 25. cxd5 exd5 26. Qb3 Qxd6 27. Rfd1 Red8 28. Rd2 Kg7 29.
Rcd1 c4 30. Qc3 Qb6+ 31. Kh1 Rc5 32. Rd4 Qd6 33. Qe3 Rd7 34. Re1 c3 35. Qe8 Rc8 36. Qe3 c2 37. Rc1 Qc5 38. Qd2 Re7 39. Bf1 Re4 40.
Rxe4 dxe4 41. Bg2 Rc7 42. Qe2 e3 43. Bxb7 Rxb7 44. Rxc2 Qd5+ 45. Kg1 Re7 46. Rc1 Qd2 47. Re1 Qd4 48. Kg2 Qxa4 49. Qf3 Qc2+ 50. Re2 Qd3 51. h3 Qxb5 52. Rxe3 Qb2+ 53. Kf1 Qc1+ 54.
Ke2 Qxe3+ 55. Qxe3 Rxe3+ 56. Kxe3 Kf7 57. g4 hxg4 58.
hxg4 Ke6 59. Ke4 g5 60. fxg5 fxg5 61. Kd4 a5 62. Kc4 Ke5 0-1

[Event "*** Titled Tuesday Blitz"]
[Site "Chess.com"]
[Date "2021.03.30"]
[Round "10"]
[White "Grineva_Marianna"]
[Black "jamalm2"]
[Result "0-1"]
[WhiteElo "2245"]
[BlackElo "1996"]
[TimeControl "180+1"]
[EndTime "11:58:57 PDT"]
[Termination "jamalm2 won by resignation"]

1. e4 c5 2. f4 d6 3. Nf3 Nc6 4. Be2 e5 5. d3 Nf6 6. O-O Be7 7. Nc3 O-O 8. Qe1 a6 9. Kh1 Qc7 10. Bd1 b5 11. fxe5 dxe5 12. Nd5 Nxd5 13. exd5 Nd4 14. Nxe5 Bd6 15. Nf3 Nxf3 16. Rxf3 Bxh2 17. Rh3 Be5 18. d6 Qxd6 19. Qe4 Bxh3 20. gxh3 Qf6 21. Bf3 Rae8 22. Qg4 Bxb2 23. Bxb2 Qxb2 24. Rg1 g6 25. Bd5 Qd4 26.
Qf3 Re3 27. Qg2 Re5 28. Bb7 Rfe8 29. Be4 f5 30. c3 Qxc3 31. Bd5+ Kg7 32. Bc6 R8e7 33.
Qg3 Re1 34. Qd6 Rxg1+ 35. Kxg1 Qe1+ 36. Kh2 Re2+ 37. Bg2 Re7 38. Qxc5 Qe5+ 39. Qxe5+ Rxe5 40. Bb7 a5 41. Ba6 b4 42. Bc4 Re2+ 43. Kg3 a4 44.
Kf4 Rb2 45. h4 b3 46. axb3 axb3 47. Ke3 Rb1 48. Kd4 b2 49. Kc3 Rh1 50. Kxb2 Rxh4 51. Kc3 Kf6 52. Ba6 Ke5 53. Bb7 Kd6 54. Kd2 f4 55.
Ke2 g5 56. Kf3 h5 57. Be4 Rh3+ 58. Kg2 g4 59. Bg6 f3+ 60. Kf2 Rh2+ 61. Kg1 g3 62. d4 f2+ 63. Kf1 Rh1+ 64. Kg2 f1=Q+ 65. Kxg3 Rg1+ 0-1